 Dungeon Crawl Stone Soup version 0.27-a0-604-g29a88b33a7 (webtiles) character file.

Game seed: 12597051572239895121

1098 jasper the Carver (level 8, -12/39 HPs)
             Began as a Spriggan Fighter on Mar 12, 2021.
             Was an Initiate of Okawaru.
             Killed from afar by Pikel (21 damage)
             ... with an iceblast
             ... on level 4 of the Dungeon.
             The game lasted 00:07:50 (6517 turns).

jasper the Carver (Spriggan Fighter)                Turns: 6517, Time: 00:07:50

Health: -12/39     AC:  3    Str: 12    XL:     8   Next: 10%
Magic:  9/9        EV: 18    Int:  9    God:    Okawaru [......]
Gold:   308        SH:  6    Dex: 17    Spells: 7/7 levels left

rFire    . . .     SeeInvis +   a - +0 long sword
rCold    . . .     Faith    +   c - +0 buckler
rNeg     . . .     Spirit   .   b - +0 robe
rPois    .         Reflect  .   (helmet restricted)
rElec    .         Harm     .   r - +0 cloak
rCorr    .         Rampage  .   (gloves unavailable)
Will     +....                  (boots unavailable)
Stlth    ++........             p - amulet of faith
HPRegen  0.13/turn              (no ring)
MPRegen  0.11/turn              (no ring)

@: very quick
A: very small, unfitting armour, see invisible, speed 3
a: Renounce Religion


You were on level 4 of the Dungeon.
You worshipped Okawaru.
Okawaru was noncommittal.
You visited 2 branches of the dungeon, and saw 7 of its levels.

You collected 308 gold pieces.

Inventory:

Hand Weapons
 a - a +0 long sword (weapon)
Missiles
 m - 27 poisoned darts (quivered)
 t - 7 datura-tipped darts
Armour
 b - a +0 robe (worn)
 c - a +0 buckler (worn)
 r - a +0 cloak (worn)
Jewellery
 p - an amulet of faith (around neck)
 s - an amulet of the acrobat
Scrolls
 e - 5 scrolls of identify
 i - a scroll of random uselessness
 j - 2 scrolls of teleportation
 k - a scroll of fog
 q - a scroll of enchant armour
 u - a scroll of immolation {unknown}
Potions
 d - a potion of haste
 f - a potion of degeneration
 g - a potion of brilliance
 h - a potion of ambrosia {unknown}
 l - 2 potions of heal wounds
 n - 2 potions of curing
 o - a potion of resistance {unknown}
 w - a potion of experience {unknown}
 x - 2 potions of lignification {unknown}


   Skills:
 - Level 2.4 Fighting
 + Level 8.2 Long Blades
 - Level 4.0 Dodging
 - Level 2.1 Shields


You had 7 spell levels left.
You didn't know any spells.
Your spell library contained the following spells:

 Spells                   Type           Power      Damage    Failure   Level
 Corona                   Hex            0%         N/A       50%         1
 Ensorcelled Hibernation  Hex/Ice        0%         N/A       65%         2
 Confusing Touch          Hex            0%         N/A       86%         3
 Dazzling Flash           Conj/Hex       0%         N/A       86%         3
 Gell's Gravitas          Tloc           0%         N/A       86%         3
 Portal Projectile        Hex/Tloc       0%         N/A       86%         3
 Tukima's Dance           Hex            0%         N/A       86%         3
 Manifold Assault         Tloc           0%         N/A       99%         4
 Passage of Golubria      Tloc           N/A        N/A       99%         4
 Dispersal                Tloc           0%         N/A       100%        6
 Disjunction              Tloc           0%         N/A       100%        8


Dungeon Overview and Level Annotations

Branches:
Dungeon (6/15)             Temple (1/1) D:6

Altars:
Cheibriados
Dithmenos
Elyvilon
Fedhas
Hepliaklqana
Makhleb
Okawaru
Qazlal
Ru
Sif Muna
Vehumet
Yredelemnul
Beogh

Annotations:
D:4 Pikel
D:5 Dowan, Duvessa


Innate Abilities, Weirdness & Mutations

You are very small and have problems with some larger weapons.
You are too small for most types of armour.
You have supernaturally acute eyesight. (SInv)
You cover ground extremely quickly. (Speed+++)


Message History

The lemure hits you.
You take 3 damage, and have 29/39 hp.
There is an open door here.
Items here: (( ) [ †.
You see here a +0 short sword.
Items here: )) ††.
You hit the lemure but do no damage. The lemure hits you but does no damage.
You block the lemure's attack.
You hit the lemure.
The lemure is lightly wounded.
Pikel is no longer moving slowly.
Pikel looks more healthy.
The lemure closely misses you. The lemure hits you.
You block the lemure's attack. The lemure hits you.
You take 11 damage, and have 20/39 hp.
MASSIVE DAMAGE!!
You hit the lemure but do no damage.
The lemure is lightly wounded.
The lemure barely misses you. The lemure misses you.
The lemure closely misses you.
You hit the lemure.
The lemure is lightly wounded.
The lemure hits you. x2; The lemure hits you!
* * * LOW HITPOINT WARNING * * *
You take 12 damage, and have 8/39 hp.
MASSIVE DAMAGE!!
You block the lemure's attack.
Throw: 28 darts (poison)
Press: ? - help, Q - select action, (/) - cycle Shift-Dir - straight line, f/p - Pikel
Aim: Pikel, wielding a +1 whip of electrocution, wearing a +0 robe and carrying a wand of iceblast (7) (heavily wounded, 53% to hit)
You throw a poisoned dart. The poisoned dart hits the lemure.
The lemure is lightly wounded.
Throw: 27 darts (poison)
Press: ? - help, Q - select action, (/) - cycle Shift-Dir - straight line, f/p - Pikel
Aim: Pikel, wielding a +1 whip of electrocution, wearing a +0 robe and carrying a wand of iceblast (7) (heavily wounded, 53% to hit)
Okay, then.
Throw: 27 darts (poison)
Press: ? - help, Q - select action, (/) - cycle Shift-Dir - straight line, f/p - Pikel
Aim: Pikel, wielding a +1 whip of electrocution, wearing a +0 robe and carrying a wand of iceblast (7) (heavily wounded, 53% to hit)
Okay, then.
Pikel zaps a wand.
The mass of ice explodes!
The iceblast engulfs you!!
Ouch! That really hurt!
You die...

...#....###...###.
#'##....###...########
..........#...........
..........#...........
..........#...........
..........#...........
###########'######+####### ####
............<............# #...
................@........# #...
.........................# #...
..†.....).........555.K..# #...
..†..)..............5....##+##...
.............##+####.............
.............#.....#.............
.............#.....#............)
##...........'.....##'###.)))....
.#...........#.....##...#†.......


You could see Pikel and 4 lemures.

Vanquished Creatures
  Grinder (D:3)
  Prince Ribbit (D:5)
  Sigmund (D:5)
  2 ogres
  A hound (D:4)
  2 orc priests
  An orc wizard (D:5)
  3 worker ants (D:5)
  5 adders
  3 oozes
  3 worms
  2 dart slugs (D:1)
  6 leopard geckos
  19 orcs
  6 giant cockroaches
  9 goblins
  8 hobgoblins
  8 jackals
  6 kobolds
  3 quokkas
  2 ball pythons
  A ball python zombie (D:5)
  6 bats
  5 frilled lizards
  A jackal zombie (D:5)
  6 rats
111 creatures vanquished.

Vanquished Creatures (others)
  A bullfrog (D:6)
1 creature vanquished.

Grand Total: 112 creatures vanquished

Notes
Turn   | Place    | Note
-------+----------+-------------------------------------------
     0 | D:1      | jasper the Spriggan Fighter began the quest for the Orb.
     0 | D:1      | Reached XP level 1. HP: 11/11 MP: 2/2
   336 | D:1      | Reached skill level 2 in Long Blades
   340 | D:1      | Reached XP level 2. HP: 15/16 MP: 3/3
  1087 | D:1      | Reached XP level 3. HP: 19/19 MP: 4/4
  1217 | D:2      | Reached skill level 3 in Long Blades
  2467 | D:3      | Reached XP level 4. HP: 23/23 MP: 5/5
  2758 | D:3      | Reached skill level 4 in Long Blades
  3008 | D:3      | Found a faded altar of an unknown god.
  3100 | D:3      | Noticed Grinder
  3385 | D:4      | Reached XP level 5. HP: 27/27 MP: 6/6
  3443 | D:4      | Noticed an ogre
  3468 | D:4      | Killed an ogre
  3469 | D:4      | Reached skill level 5 in Long Blades
  3619 | D:5      | Entered Level 5 of the Dungeon
  3772 | D:5      | Noticed an ogre
  3792 | D:5      | Killed an ogre
  3793 | D:5      | Reached XP level 6. HP: 32/32 MP: 7/7
  4217 | D:5      | Noticed Sigmund
  4246 | D:5      | Killed Sigmund
  4247 | D:5      | Reached skill level 6 in Long Blades
  4329 | D:5      | Noticed Prince Ribbit
  4358 | D:5      | Reached XP level 7. HP: 35/35 MP: 8/8
  4366 | D:5      | Killed Prince Ribbit
  4367 | D:5      | Reached skill level 7 in Long Blades
  4618 | D:5      | Noticed Duvessa
  4618 | D:5      | Noticed Dowan
  4847 | D:6      | Found a staircase to the Ecumenical Temple.
  4854 | Temple   | Entered the Ecumenical Temple
  4904 | Temple   | Became a worshipper of Warmaster Okawaru
  5466 | D:3      | Killed Grinder
  5467 | D:3      | Reached XP level 8. HP: 22/39 MP: 9/9
  5652 | D:3      | Found a stormy altar of Qazlal.
  5950 | D:3      | Reached skill level 8 in Long Blades
  6446 | D:4      | Noticed Pikel
  6517 | D:4      | Killed from afar by Pikel

Illustrated notes

Levels and vault maps discovered:
D:1:      dpeg_arrival_solitude, layout_loops_ring, serial_rivers,
          chequers_serial_rivers_room_b, chequers_serial_rivers_small_b,
          chequers_serial_rivers_micro_b, chequers_serial_rivers_small_a,
          minivault_14
D:2:      layout_basic
D:3:      layout_basic, lemuel_crystal_altar, chequers_ecumenical_altar_grove,
          kennysheep_orc_chapel, uniq_grinder
D:4:      layout_gridville, kennysheep_generic_room_5, uniq_edmund,
          uniq_menkaure, uniq_pikel
D:5:      layout_loops_ring, ebering_ghost_reflecting_pool,
          corexii_hall_statues_l, hangedman_glass_teeth, uniq_duvessa,
          uniq_prince_ribbit1, uniq_sigmund
D:6:      layout_basic, kennysheep_mini, xom_confusion_cloud,
          minmay_temple_entry_arrows
Temple:   compressed_dpeg_circular_temple

Skill      XL: |  1  2  3  4  5  6  7  8 |
---------------+-------------------------+-----
Long Blades    | 2 3 4 5 6 7 8 |  8.2
Fighting       | |  2.4
Dodging        | |  4.0
Shields        | |  2.1

Action                   |  1- 3 |  4- 6 |  7- 9 || total
-------------------------+-------+-------+-------++-------
Melee: Long sword        |   102 |    86 |   130 ||   318
Throw: Dart              |     3 |    19 |    15 ||    37
  Use: Scroll            |     1 |       |     7 ||     8
       Potion            |       |     6 |     2 ||     8
 Stab: Sleeping          |     3 |       |     1 ||     4
Armor: Robe              |     6 |     3 |     7 ||    16
Dodge: Dodged            |    74 |    60 |    76 ||   210
Block: Buckler           |    39 |    20 |    39 ||    98
       Rpst.: Long sword |    26 |    16 |    28 ||    70

Table legend: (Time is in decaauts)
 A = Elapsed time spent in this place.
 B = Non-inter-level travel time spent in this place.
 C = Inter-level travel time spent in this place.
 D = Time resting spent in this place.
 E = Time spent auto-exploring this place.
 F = Levels seen in this place.
 G = Mean time per level.
                   A        B        C        D        E       F      G
               +--------+--------+--------+--------+--------+-----+--------+
         Total |   5315 |   5249 |     66 |   1274 |   3080 |   7 |  759.3 |
       Dungeon |   5278 |   5218 |     60 |   1274 |   3055 |   6 |  879.7 |
        Temple |     37 |     32 |      5 |      0 |     25 |   1 |   37.0 |
               +--------+--------+--------+--------+--------+-----+--------+

Top non-repeatable levels by time:
     D:3: 1357 daAuts
     D:5: 1320 daAuts
     D:2: 957 daAuts
     D:4: 829 daAuts
     D:1: 797 daAuts
  Temple: 37 daAuts
     D:6: 17 daAuts
